 Dungeon Crawl Stone Soup version 0.27-a0-1191-g601b473118 (webtiles) character file.

Game seed: 15379171680274206975

55164 tilp the Cleaver (level 14, -1/105 HPs)
             Began as a Barachi Summoner on May 24, 2021.
             Was the Champion of Okawaru.
             Slain by a komodo dragon (13 damage)
             ... on level 6 of the Lair of Beasts.
             The game lasted 01:09:13 (28645 turns).

tilp the Cleaver (Barachi Summoner)                Turns: 28645, Time: 01:09:14

Health: -1/105     AC: 20    Str: 14    XL:     14   Next: 76%
Magic:  12/24      EV: 18    Int: 19    God:    Okawaru [******]
Gold:   769        SH:  5    Dex: 13    Spells: 8/27 levels left

rFire    . . .     SeeInvis .   a - +8 broad axe "Ylaaky Coul" {drain, +Rage rC+ Int+3}
rCold    + . .     Faith    +   h - +0 buckler
rNeg     + . .     Spirit   .   H - +1 leather armour of the Seven of Wands {Fly rPois rN+}
rPois    +         Reflect  .   G - +2 hat {Will+}
rElec    .         Harm     .   k - +2 cloak {Stlth+}
rCorr    .         Rampage  .   V - +3 pair of gauntlets of War {Slay+5}
Will     ++...                  s - +2 pair of boots
Stlth    +++.......             t - amulet of faith
HPRegen  0.27/turn              U - +4 ring of protection
MPRegen  0.19/turn              F - +4 ring of evasion

@: flying, slow
A: amphibious, slowness 1, strong legs 2, +LOS
a: Hop, Renounce Religion, Evoke Berserk Rage, Heroism, Finesse


You were on level 6 of the Lair of Beasts.
You worshipped Okawaru.
Okawaru was exalted by your worship.
You visited 2 branches of the dungeon, and saw 17 of its levels.
You also visited: Gauntlet.

You collected 1953 gold pieces.
You spent 1184 gold pieces at shops.

Inventory:

Hand Weapons
 a - the +8 broad axe "Ylaaky Coul" (weapon) {drain, +Rage rC+ Int+3}
   (You took it off an orc on level 7 of the Dungeon)

   A truly terrible weapon, it drains the life of those it strikes.
   It affects your intelligence (+3).
   It protects you from cold.
   It lets you go berserk.
 b - the +5 broad axe of Qolepp {flame, rF- rN++ Will+ Dex+4}
   (You bought it in a shop on level 6 of the Dungeon)

   It has been specially enchanted to burn those struck by it, causing extra
   injury to most foes and up to half again as much damage against particularly
   susceptible opponents.
   Big, fiery blades are also staple armaments of hydra-hunters.
   It affects your dexterity (+4).
   It makes you vulnerable to fire.
   It greatly protects you from negative energy.
   It increases your willpower.
 Y - a +1 broad axe of freezing
Missiles
 c - 16 boomerangs
 r - 90 poisoned darts (quivered)
 J - 2 throwing nets
 L - a curare-tipped dart
Armour
 h - a +0 buckler (worn)
 k - a +2 cloak of stealth (worn)
 s - a +2 pair of boots (worn)
 G - a +2 hat of willpower (worn)
 H - the +1 leather armour of the Seven of Wands (worn) {Fly rPois rN+}
   (You found it on level 1 of the Lair of Beasts)

   It protects you from poison.
   It protects you from negative energy.
   It grants you flight.
 V - the +3 pair of gauntlets of War (worn) {Slay+5}
   (You bought it in a shop on level 5 of the Dungeon)

   It affects your accuracy and damage with ranged weapons and melee attacks
   (+5).
Jewellery
 i - a ring of resist corrosion
 j - a ring of see invisible
 t - an amulet of faith (around neck)
 z - an amulet of reflection
 F - a +4 ring of evasion (right hand)
 P - a ring of ice
 U - a +4 ring of protection (left hand)
Wands
 d - a wand of acid (4)
 l - a wand of iceblast (17)
 u - a wand of paralysis (14)
 A - a wand of flame (52)
Scrolls
 p - a scroll of silence
 y - 2 scrolls of fog
 E - 3 scrolls of vulnerability
 I - 2 scrolls of identify
 K - 9 scrolls of teleportation
 M - a scroll of brand weapon
 N - a scroll of enchant armour
 O - 2 scrolls of immolation
 W - a scroll of summoning
 X - a scroll of blinking
 Z - a scroll of enchant weapon
Potions
 e - 6 potions of might
 f - 3 potions of brilliance
 g - a potion of magic
 m - 6 potions of curing
 n - 8 potions of ambrosia
 o - 3 potions of invisibility
 q - 3 potions of heal wounds
 w - a potion of resistance
 x - 3 potions of lignification
 B - 5 potions of attraction
 D - a potion of berserk rage
 R - a potion of haste
 T - 2 potions of mutation
Miscellaneous
 Q - a lightning rod (4/4)
 S - a tin of tremorstones (2/2)


   Skills:
 - Level 8.0 Fighting
 - Level 14.5(15.0) Axes
 - Level 6.0(10.6) Polearms
 - Level 6.0 Dodging
 - Level 4.0 Stealth
 - Level 4.0 Shields
 + Level 7.1 Spellcasting
 - Level 4.0 Hexes
 + Level 13.5 Summonings
 - Level 4.0 Ice Magic
 - Level 4.0 Air Magic
 - Level 10.0 Invocations
 - Level 4.0 Evocations


You had 8 spell levels left.
You knew the following spells:

 Your Spells              Type           Power      Damage    Failure   Level
a - Summon Mana Viper     Hex/Summ       40%        N/A       10%         5
c - Call Canine Familiar  Summ           55%        N/A       1%          3
d - Summon Guardian Gole  Hex/Summ       40%        N/A       1%          3
e - Summon Ice Beast      Ice/Summ       40%        N/A       3%          4
f - Summon Lightning Spi  Summ/Air       40%        N/A       3%          4

Your spell library contained the following spells:

 Spells                   Type           Power      Damage    Failure   Level
 Summon Small Mammal      Summ           100%       N/A       1%          1
 Call Imp                 Summ           55%        N/A       1%          2
 Shock                    Conj/Air       56%        1d6       5%          1
 Animate Armour           Summ/Erth      64%        N/A       8%          4
 Shadow Creatures         Summ           N/A        N/A       8%          6
 Apportation              Tloc           12%        N/A       13%         1
 Beastly Appendage        Tmut           12%        N/A       13%         1
 Foxfire                  Conj/Fire      24%        2x1d5     13%         1
 Magic Dart               Conj           24%        1d4       13%         1
 Sandblast                Erth           12%        2d6       13%         1
 Inner Flame              Hex/Fire       14%        N/A       17%         3
 Summon Forest            Summ/Tloc      16%        N/A       22%         5
 Conjure Flame            Conj/Fire      6%         6-21      36%         3
 Summon Hydra             Summ           27%        N/A       38%         7
 Animate Dead             Necr           3%         N/A       77%         4
 Sticky Flame             Conj/Fire      6%         2d3       77%         4
 Bolt of Magma            Conj/Fire/Erth 3%         4d5       98%         5
 Borgnjor's Vile Clutch   Necr/Erth      3%         N/A       98%         5
 Fireball                 Conj/Fire      3%         3d4       98%         5
 Iskenderun's Battlesphe  Conj           6%         2d6       98%         5
 Death Channel            Necr           3%         N/A       100%        6
 Iron Shot                Conj/Erth      3%         9d2       100%        6
 Simulacrum               Ice/Necr       7%         N/A       100%        6
 Orb of Destruction       Conj           3%         9d1       100%        7
 Spellforged Servitor     Conj/Summ      16%        N/A       100%        7


Dungeon Overview and Level Annotations

Branches:
Dungeon (11/15)            Temple (0/1) D:6            Lair (6/6) D:10
  Swamp (0/4) Lair:2       Spider (0/4) Lair:2        Slime (0/5) Lair:5
    Orc (0/2) D:10        Gauntlet (visited)

Altars:
Fedhas
Gozag
Hepliaklqana
Kikubaaqudgha
Makhleb
Nemelex Xobeh
Okawaru
Sif Muna
Trog
Uskayaw
Wu Jian
Xom
Zin
The Shining One

Shops:
D:5 (:*=[   D:6 (   D:11 *


Innate Abilities, Weirdness & Mutations

You are amphibious.
You cover ground slowly.
You can hop long distances.
You have an extended range of vision and can be seen from far away.


Message History

The cane toad stings you but does no damage.
Unknown command.
Casting: Summon Lightning Spire (dangerous; 3% risk of failure)
Confirm with . or Enter, or press ? or * to list all spells.
A mana viper appears with a sibilant hiss.
The cane toad stings you but does no damage.
Unknown command.
Casting: Summon Mana Viper (dangerous; 10% risk of failure)
Confirm with . or Enter, or press ? or * to list all spells.
A chill wind blows around you. The cane toad stings you.
Unknown command.
You slash the cane toad!
You kill the cane toad!
Okawaru accepts your kill.
You slash the death yak! You drain the death yak.
The death yak gores you but does no damage.
Unknown command.
You hit the death yak. You drain the death yak.
The death yak is moderately wounded.
You hit the death yak.
Your ice beast hits the death yak.
Your ice beast freezes the death yak!
Unknown command.
You slice the death yak!!
The death yak is severely wounded.
You hit the death yak. You drain the death yak.
Your mana viper bites the death yak but does no damage.
The death yak gores you. The death yak gores you!!
* * * LOW HITPOINT WARNING * * *
Your ice beast hits the death yak but does no damage.
Your mana viper bites the death yak!
You hit the death yak but do no damage.
The death yak is severely wounded.
You slash the death yak! You drain the death yak.
You barely miss the komodo dragon. You hit the death yak.
The death yak closely misses you.
The death yak gores you but does no damage.
The death yak gores you!!
* * * LOW HITPOINT WARNING * * *
The komodo dragon bites you!
You die...

.........:..PP P≈≈.≈
♣..........P.##♣≈≈≈≈
♣...............≈≈♣≈≈
♣...............≈.≈≈≈
♣♣...............♣≈≈≈≈
♣♣♣♣♣.............#....≈≈.
♣...............Y#†.....P.
................Yl†.......
...............S@#........
................YYP.......
...............†..8....(##
...........†...P..#.......
................P.#..#.###
.................#..####
.....................
......................
..≈≈≈.≈P.P.....................≈≈


You could see 3 death yaks, a komodo dragon (drained), a friendly mana viper
(summoned), a friendly ice beast (summoned) and a friendly lightning spire
(summoned).

Vanquished Creatures
  A minotaur (Gauntlet)
  6 hydras
  A two-headed ogre (D:11)
  6 death yaks (Lair:5)
  A death scarab (Gauntlet)
  A tengu warrior (Gauntlet)
  A spectral hydra (Gauntlet)
  Pikel (D:6)
  2 ugly things (D:7)
  4 oklob plants
  3 cyclopes (D:7)
  A manticore (Lair:5)
  A worldbinder (Gauntlet)
  5 black mambas
  12 elephants
  Maggie (D:7)
  14 cane toads
  2 minotaur zombies (Gauntlet)
  4 rime drakes
  6 komodo dragons
  An unseen horror (D:10)
  2 tengu conjurers (Gauntlet)
  A jumping spider (Lair:2)
  A queen bee (D:9)
  A troll (D:6)
  2 polar bears
  15 blink frogs
  2 slime creatures
  2 redbacks (Lair:2)
  4 shadows
  A wraith (D:7)
  13 wyverns
  41 yaks
  Grum (D:9)
  7 basilisks
  2 steam dragons (D:8)
  4 vampire mosquitoes
  An acid dragon (D:7)
  Menkaure (D:4)
  2 hell hounds (Lair:5)
  12 water moccasins
  Duvessa (D:7)
  8 orc warriors
  A black bear (Lair:1)
  5 sky beasts
  2 necrophages
  2 boggarts (Gauntlet)
  An ogre (D:6)
  16 wolves
  A centaur (D:7)
  4 phantoms
  4 kobold brigands
  13 bullfrogs
  2 gnoll sergeants
  A wyvern zombie (D:8)
  Dowan (D:7)
  A scorpion (Lair:2)
  A water moccasin zombie (D:5)
  A wyvern skeleton (D:7)
  25 killer bees
  A troll zombie (D:10)
  3 electric eels
  9 howler monkeys
  A bullfrog zombie (D:6)
  6 centaur zombies
  2 bullfrog skeletons
  2 gnoll shamans
  2 jellies
  7 orc priests
  5 hounds
  An iguana (D:5)
  13 orc wizards
  6 hell rats
  A killer bee zombie (D:7)
  5 ogre zombies (D:10)
  A howler monkey zombie (D:9)
  12 gnolls
  3 adders
  A howler monkey skeleton (D:5)
  10 river rats (D:5)
  A shadow imp (D:7)
  A white imp (D:7)
  2 dart slugs
  27 orcs
  A ball python (D:4)
  3 endoplasms (D:3)
  5 giant cockroaches
  2 hobgoblins
  A jackal (D:3)
  5 quokkas
  2 bats (D:1)
  3 frilled lizards
  A goblin skeleton (D:10)
  A goblin zombie (D:10)
  A hobgoblin skeleton (D:10)
  2 hobgoblin zombies (D:10)
  14 kobolds
  2 orc skeletons (D:10)
  12 orc zombies (D:10)
  21 rats
477 creatures vanquished.

Vanquished Creatures (collateral kills)
  Erica (D:9)
  An oklob plant (Lair:4)
  An ugly thing (D:7)
  A cyclops (D:11)
  Joseph (D:9)
  A hornet (D:8)
  A blink frog (Lair:1)
  2 wyverns (Lair:5)
  2 yaks
  A water moccasin (Lair:6)
  An ice beast (D:6)
  A boggart (Gauntlet)
  An ogre (D:3)
  A lemure (D:6)
  A nameless horror (D:3)
  6 killer bees
  Crazy Yiuf (D:2)
  Terence (D:2)
  2 orc wizards (D:4)
  A hell rat (Lair:5)
  2 gnolls (D:5)
  3 adders
  A river rat (D:5)
  A worm (D:3)
  8 orcs
  A ball python (D:1)
  A hobgoblin (D:1)
  4 jackals
  3 quokkas
  3 kobolds
  A rat (D:3)
56 creatures vanquished.

Vanquished Creatures (others)
  41 fungi
  105 plants
146 creatures vanquished.

Grand Total: 679 creatures vanquished

Notes
Turn   | Place    | Note
-------+----------+-------------------------------------------
     0 | D:1      | tilp the Barachi Summoner began the quest for the Orb.
     0 | D:1      | Reached XP level 1. HP: 13/13 MP: 3/3
   483 | D:1      | Reached skill level 1 in Fighting
   775 | D:1      | Reached XP level 2. HP: 15/22 MP: 1/5
   853 | D:1      | Learned a level 2 spell: Call Imp
  1590 | D:2      | Reached skill level 5 in Summonings
  1700 | D:2      | Reached XP level 3. HP: 27/27 MP: 1/6
  1704 | D:2      | Learned a level 3 spell: Call Canine Familiar
  1774 | D:2      | Noticed Terence
  1867 | D:2      | Killed Terence
  2129 | D:2      | Found an opulent altar of Gozag.
  2297 | D:2      | Found a runed translucent door.
  2298 | D:2      | Noticed Crazy Yiuf
  2754 | D:3      | Reached XP level 4. HP: 32/33 MP: 1/8
  3114 | D:3      | Identified First Steps in Theurgy
  3254 | D:3      | Noticed an ogre
  3260 | D:3      | Noticed a nameless horror
  3814 | D:3      | Killed an ogre
  3815 | D:3      | Reached skill level 1 in Shields
  3815 | D:3      | Reached XP level 5. HP: 31/38 MP: 0/9
  3903 | D:3      | Found a hide-covered altar of Uskayaw.
  3950 | D:3      | Killed a nameless horror
  4242 | D:2      | Killed Crazy Yiuf
  4620 | D:4      | Found a hazy altar of Hepliaklqana.
  4663 | D:4      | Noticed Menkaure
  4884 | D:4      | Reached XP level 6. HP: 43/44 MP: 5/11
  6046 | D:5      | Entered Level 5 of the Dungeon
  6065 | D:5      | Found an iron altar of Okawaru.
  6331 | D:5      | Became a worshipper of Warmaster Okawaru
  6438 | D:5      | Found Peyrrude's Weapon Shop.
  6508 | D:5      | Found Cokiagag's Antique Armour Emporium.
  6571 | D:5      | Found Egerch's Book Emporium.
  6573 | D:5      | Noticed a necrophage
  6581 | D:5      | Killed a necrophage
  6582 | D:5      | Reached XP level 7. HP: 45/50 MP: 4/13
  7237 | D:5      | Found Bowiuhuf's Jewellery Shop.
  7237 | D:5      | Found Fyxiusist's General Store.
  7753 | D:5      | Reached skill level 1 in Invocations
  7989 | D:5      | Reached * piety under Okawaru
  8101 | D:5      | Found a sparkling altar of Nemelex Xobeh.
  8105 | D:5      | Found a blossoming altar of Fedhas.
  8109 | D:5      | Found an ornate altar of the Wu Jian Council.
  8209 | D:5      | Reached XP level 8. HP: 56/56 MP: 10/14
  8395 | D:6      | Found Olluutrock's Weapon Emporium.
  8486 | D:6      | Reached skill level 1 in Polearms
  8535 | D:6      | Found a staircase to the Ecumenical Temple.
  9199 | D:6      | Found a burning altar of Makhleb.
  9369 | D:7      | Noticed Maggie
  9370 | D:7      | Noticed Duvessa
  9370 | D:7      | Noticed Dowan
  9386 | D:7      | Killed Maggie
  9386 | D:7      | Reached ** piety under Okawaru
  9703 | D:7      | Reached XP level 9. HP: 48/65 MP: 15/15
  9764 | D:7      | Noticed a red ugly thing
 10089 | D:7      | Noticed a purple ugly thing
 10130 | D:7      | Noticed a cyclops
 10130 | D:7      | Noticed Pikel
 10573 | D:6      | Killed Pikel
 10573 | D:6      | Reached *** piety under Okawaru
 11043 | D:7      | Killed a cyclops
 11044 | D:7      | Reached skill level 5 in Fighting
 11044 | D:7      | Reached skill level 5 in Polearms
 11175 | D:7      | Noticed a troll
 11210 | D:6      | Learned a level 3 spell: Summon Guardian Golem
 11271 | D:7      | Reached **** piety under Okawaru
 11272 | D:7      | Reached skill level 5 in Invocations
 11289 | D:7      | Received a gift from Okawaru
 11498 | D:7      | Identified the +3 flail of Cificupted {venom, rN+ rCorr
                  | Int+2}
 11570 | D:7      | Reached XP level 10. HP: 55/76 MP: 16/16
 12137 | D:7      | Identified the +8 broad axe "Ylaaky Coul" {drain, +Rage rC+
                  | Int+3}
 12137 | D:7      | Identified the +9 shortbow of the Hidden Vale {flame, Dex+3
                  | Stlth+}
 12436 | D:7      | Noticed a cyclops
 12442 | D:7      | Killed a cyclops
 12442 | D:7      | Reached ***** piety under Okawaru
 12679 | D:7      | Noticed a red ugly thing
 12705 | D:7      | Killed a white ugly thing
 12720 | D:7      | Killed a purple ugly thing
 12721 | D:7      | Reached skill level 10 in Summonings
 12721 | D:7      | Reached skill level 2 in Axes
 12722 | D:7      | Killed a purple ugly thing
 12723 | D:7      | Reached skill level 3 in Axes
 12727 | D:7      | Reached skill level 4 in Axes
 12974 | D:7      | Found a shimmering blue altar of Sif Muna.
 13162 | D:7      | Received a gift from Okawaru
 13211 | D:7      | Killed Duvessa
 13231 | D:7      | Noticed a cyclops
 13234 | D:7      | Killed Dowan
 13274 | D:7      | Reached skill level 5 in Axes
 13575 | D:7      | Killed a cyclops
 13576 | D:7      | Reached skill level 6 in Axes
 13724 | D:7      | Identified a scroll of acquirement
 13724 | D:7      | Acquired the Tome of Calling
 13857 | D:4      | Killed Menkaure
 14183 | D:8      | Learned a level 4 spell: Summon Ice Beast
 14188 | D:8      | Learned a level 4 spell: Summon Lightning Spire
 14202 | D:8      | Received a gift from Okawaru
 14207 | D:8      | Reached XP level 11. HP: 80/81 MP: 17/17
 14215 | D:8      | Found an ancient bone altar of Kikubaaqudgha.
 14236 | D:8      | Reached skill level 1 in Ice Magic
 14262 | D:8      | Reached skill level 1 in Air Magic
 14911 | D:8      | Found a glowing golden altar of the Shining One.
 15069 | D:8      | Found a large runed translucent door.
 15070 | D:8      | Found a large runed translucent door.
 15088 | D:8      | Paralysed by a hornet for 1 turns
 15553 | D:8      | Found a glowing silver altar of Zin.
 16179 | D:5      | Bought the +3 pair of gauntlets of War {Slay+5} for 617
                  | gold pieces
 16179 | D:5      | Found the +3 pair of gauntlets of War {Slay+5}
 16511 | D:9      | Identified the +1 robe of the Clam {Rampage rElec Str+4
                  | Stlth+}
 16515 | D:9      | Received a gift from Okawaru
 16617 | D:9      | Received a gift from Okawaru
 16715 | D:9      | Noticed Joseph
 16730 | D:9      | Killed Joseph
 16866 | D:9      | Noticed Grum
 16875 | D:9      | Killed Grum
 16942 | D:9      | Reached skill level 7 in Axes
 17038 | D:9      | Noticed Erica
 17053 | D:9      | Killed Erica
 17279 | D:9      | Acquired 652 gold pieces
 17546 | D:9      | Reached XP level 12. HP: 60/89 MP: 18/18
 17938 | D:10     | Entered Level 10 of the Dungeon
 18016 | D:10     | Found a staircase to the Lair.
 18105 | D:10     | Reached skill level 8 in Axes
 18109 | D:10     | Reached skill level 5 in Dodging
 18110 | D:10     | Found a staircase to the Orcish Mines.
 18279 | D:10     | Reached ****** piety under Okawaru
 18896 | D:11     | Found Tiutsura's Pet Rocks.
 18931 | D:11     | Noticed a two-headed ogre
 18937 | D:11     | Killed a two-headed ogre
 19258 | D:11     | Received a gift from Okawaru
 19573 | D:8      | Found a bloodstained altar of Trog.
 19583 | D:8      | Found a shimmering altar of Xom.
 19692 | D:6      | Bought the +5 broad axe of Qolepp {flame, rF- rN++ Will+
                  | Dex+4} for 567 gold pieces
 19778 | Lair:1   | Entered Level 1 of the Lair of Beasts
 19786 | Lair:1   | Reached skill level 9 in Axes
 20025 | Lair:1   | Identified the +5 ring mail "Yraomir" {Rampage +Blink rCorr
                  | Int-5}
 20413 | Lair:1   | Identified the +1 leather armour of the Seven of Wands {Fly
                  | rPois rN+}
 20698 | Lair:2   | Found a staircase to the Swamp.
 20745 | Lair:2   | Found a gate leading to a gauntlet.
 20774 | Gauntlet | Entered a Gauntlet
 20774 | Gauntlet | Found a transporter.
 20774 | Gauntlet | Found a transporter.
 20774 | Gauntlet | Found a transporter.
 20774 | Gauntlet | Noticed a tengu warrior
 20818 | Gauntlet | Found a transporter.
 20820 | Gauntlet | Found a transporter.
 20822 | Gauntlet | Found a large runed translucent door.
 20822 | Gauntlet | Found a large runed translucent door.
 20823 | Gauntlet | Found a large runed translucent door.
 20823 | Gauntlet | Found a large runed translucent door.
 20824 | Gauntlet | Found a large runed translucent door.
 20824 | Gauntlet | Found a large runed translucent door.
 20824 | Gauntlet | Found a runed translucent door.
 20824 | Gauntlet | Found a runed translucent door.
 20825 | Gauntlet | Found a large runed translucent door.
 20825 | Gauntlet | Found a large runed translucent door.
 20826 | Gauntlet | Found a large runed translucent door.
 20826 | Gauntlet | Found a large runed translucent door.
 20827 | Gauntlet | Found a large runed translucent door.
 20827 | Gauntlet | Found a large runed translucent door.
 20828 | Gauntlet | Found a large runed translucent door.
 20828 | Gauntlet | Found a large runed translucent door.
 20829 | Gauntlet | Found a large runed translucent door.
 20829 | Gauntlet | Found a large runed translucent door.
 20831 | Gauntlet | Found a transporter.
 20833 | Gauntlet | Found a transporter.
 20839 | Gauntlet | Found a transporter.
 20839 | Gauntlet | Noticed a death scarab
 20841 | Gauntlet | Found a runed translucent gate.
 20841 | Gauntlet | Found a runed translucent gate.
 20841 | Gauntlet | Found a runed translucent gate.
 20852 | Gauntlet | Found a transporter.
 20852 | Gauntlet | Found a transporter.
 20931 | Gauntlet | Found a transporter.
 20956 | Gauntlet | Found a transporter.
 21080 | Gauntlet | Killed a tengu warrior
 21091 | Gauntlet | Identified the +0 pair of gloves of Okawaru's Vengeance
                  | {Str+3 SInv} (Okawaru gifted it to you in a Gauntlet)
 21091 | Gauntlet | Received a gift from Okawaru
 21092 | Gauntlet | Reached skill level 10 in Axes
 21423 | Gauntlet | Killed a death scarab
 21694 | Gauntlet | Identified the +7 chain mail "Sosawug" {-Tele rElec rCorr
                  | Dex+8}
 21694 | Gauntlet | Noticed a minotaur
 21714 | Gauntlet | Killed a minotaur
 21715 | Gauntlet | Reached skill level 11 in Axes
 21805 | Gauntlet | Gained mutation: You can hop long distances. [Barachi
                  | growth]
 21805 | Gauntlet | Reached XP level 13. HP: 84/98 MP: 19/19
 22235 | Lair:2   | Found a hole to the Spider Nest.
 22807 | Lair:3   | Reached skill level 12 in Axes
 22829 | Lair:3   | Received a gift from Okawaru
 24522 | Lair:4   | Reached skill level 13 in Axes
 24534 | Lair:4   | Reached skill level 10 in Invocations
 24559 | Lair:4   | Received a gift from Okawaru
 25632 | Lair:4   | Identified the +5 quick blade of Ascent {vorpal, rC- Dex+7}
 25767 | Lair:5   | Found a staircase to the Slime Pits.
 25844 | Lair:5   | Reached skill level 14 in Axes
 25933 | Lair:5   | Reached XP level 14. HP: 103/105 MP: 21/21
 25980 | Lair:5   | Received a gift from Okawaru
 25981 | Lair:5   | Reached skill level 1 in Hexes
 26605 | Lair:5   | Reached skill level 5 in Spellcasting
 27249 | Lair:5   | Learned a level 5 spell: Summon Mana Viper
 27821 | Lair:6   | Entered Level 6 of the Lair of Beasts
 28025 | Lair:6   | Received a gift from Okawaru
 28497 | Lair:6   | Found a dark tunnel.
 28645 | Lair:6   | Slain by a komodo dragon

Illustrated notes

Levels and vault maps discovered:
D:1:      ncdulo_wetmaze, layout_basic
D:2:      layout_rooms, basic_altar, uniq_crazy_yiuf_cottage, uniq_terence
D:3:      layout_basic, lemuel_crystal_altar
D:4:      layout_layer_cave, worldfamousw_hep_ancestral_shrine, hex_tiny,
          uniq_menkaure
D:5:      lemuel_ratsnest, layout_rooms, okawaru_gym_becter,
          grunt_temple_overflow_diamond, serial_shops, shop, shop, shop,
          nicolae_shop_competitors_out_of_business, shop_coins,
          grunt_ministairs_14, palyth_stone_intersect
D:6:      layout_loops_ring, makhleb_heckhound_becter, minmay_temple_entry_mist,
          serial_shops, nicolae_shop_crystal
D:7:      minmay_the_grid_octo_tiled_squarecenter [minmay_the_grid_octo_77,
          minmay_the_grid_octo_teeth, minmay_the_grid_octo_pinwheel,
          minmay_the_grid_octo_concentric,
          minmay_the_grid_square_5x5_megaprize_diamond,
          minmay_the_grid_square_5x5_comb, minmay_the_grid_square_5x5_hourglass,
          minmay_the_grid_square_5x5_eight_small,
          minmay_the_grid_square_5x5_corner], layout_rooms, lemuel_tele_altar,
          chequers_serial_rivers_small_b, roderic_roman_lattice,
          kennysheep_generic_room_13, uniq_duvessa, uniq_pikel, uniq_maggie
D:8:      layout_basic, kiku_gazebo_pond_becter, lemuel_round_altar,
          zin_treasury, jmf_multi_god_temple2, minmay_alternating_orb
D:9:      layout_rooms, special_room [special_room_bee], hex_large,
          grunt_decor_resistance, minivault_14, kennysheep_generic_room_9,
          uniq_erica, uniq_joseph, uniq_grum
D:10:     layout_rooms, lair_entry_dummy, zombieorc1_lemuel,
          minmay_misc_feat_alley, minivault_25_ag, nrook_campfire
D:11:     layout_roguey, guppyfry_shop_earth
Lair:1:   layout_regular_city
Lair:2:   layout_regular_city, minmay_swamp_entry_swarm, spider_nest_entry_a,
          gauntlet_entry_generic
Lair:3:   layout_cave_pods, serial_bayou_shore_b, grunt_megastairs_5
Lair:4:   layout_gridlike, minmay_lair_oklob_chamber, grunt_megastairs_4
Lair:5:   layout_roguey, minmay_slime_entry_oklob_open, special_room
          [special_room_mythical_zoo]
Lair:6:   evil_forest, layout_regular_city, serial_bayou, serial_bayou_shore_b,
          serial_bayou_lagoon_a, serial_bayou_crossing, serial_bayou_pond_b,
          nicolae_volcano_entry_hallway

Skill      XL: |  1  2  3  4  5  6  7  8  9 10 11 12 13 14 |
---------------+-------------------------------------------+-----
Fighting       | 1 2 4 6 8 |  8.0
Summonings     | 5 6 7 8 10 12 13 | 13.5
Spellcasting   | 3 4 7 |  7.1
Shields        | 1 2 3 4 |  4.0
Invocations    | 3 4 5 6 8 10 | 10.0
Stealth        | 3 4 |  4.0
Polearms       | 3 5 6 |  6.0
Dodging        | 4 6 |  6.0
Evocations     | 4 |  4.0
Axes           | 6 7 11 14 | 14.5
Ice Magic      | 4 |  4.0
Air Magic      | 4 |  4.0
Hexes          | 4 |  4.0

Action                   |  1- 3 |  4- 6 |  7- 9 | 10-12 | 13-15 || total
-------------------------+-------+-------+-------+-------+-------++-------
Melee: Short sword       |    71 |    69 |       |       |       ||   140
       Quarterstaff      |       |    38 |   243 |    19 |       ||   300
       Broad axe         |       |       |       |   529 |   428 ||   957
Throw: Dart              |       |       |     4 |    10 |     4 ||    18
 Cast: Summon Small Mamm |    14 |       |       |       |       ||    14
       Call Imp          |    24 |    29 |    13 |     3 |       ||    69
       Call Canine Famil |     2 |    11 |    24 |    11 |       ||    48
       Summon Ice Beast  |       |       |       |    30 |    12 ||    42
       Summon Lightning  |       |       |       |     8 |    12 ||    20
       Summon Mana Viper |       |       |       |       |     2 ||     2
Invok: Heroism           |       |       |     3 |     8 |     7 ||    18
       Finesse           |       |       |       |     1 |       ||     1
 Abil: Hop               |     3 |     3 |     5 |     3 |       ||    14
Evoke: Wand              |       |       |     5 |     4 |       ||     9
  Use: Scroll            |     3 |     6 |     5 |    12 |     6 ||    32
       Potion            |       |     3 |       |       |       ||     3
 Stab: Sleeping          |     2 |     2 |     2 |     5 |     7 ||    18
       Petrified         |       |       |     2 |       |       ||     2
       Distracted        |       |       |     1 |     8 |     2 ||    11
Armor: Robe              |     8 |       |       |       |       ||     8
       Leather armour    |     4 |     4 |       |    53 |   131 ||   192
       Ring mail         |       |    51 |    93 |       |       ||   144
       Steam dragon scal |       |       |    18 |   133 |       ||   151
Dodge: Dodged            |    52 |    58 |   165 |   453 |   327 ||  1055
Block: Buckler           |       |       |       |   150 |    81 ||   231

Table legend: (Time is in decaauts)
 A = Elapsed time spent in this place.
 B = Non-inter-level travel time spent in this place.
 C = Inter-level travel time spent in this place.
 D = Time resting spent in this place.
 E = Time spent auto-exploring this place.
 F = Levels seen in this place.
 G = Mean time per level.
                   A        B        C        D        E       F      G
               +--------+--------+--------+--------+--------+-----+--------+
         Total |  31403 |  29424 |   1979 |   8913 |  15776 |  18 | 1744.6 |
       Dungeon |  21716 |  20038 |   1678 |   6455 |  10303 |  11 | 1974.2 |
          Lair |   8580 |   8280 |    300 |   2307 |   4802 |   6 | 1430.0 |
      Gauntlet |   1107 |   1107 |      0 |    151 |    670 |   1 | 1107.0 |
               +--------+--------+--------+--------+--------+-----+--------+

Top non-repeatable levels by time:
     D:7: 3266 daAuts
     D:6: 2972 daAuts
     D:4: 2535 daAuts
     D:5: 2500 daAuts
  Lair:5: 2196 daAuts
  Lair:4: 2104 daAuts
     D:8: 2066 daAuts
     D:3: 1873 daAuts
     D:1: 1758 daAuts
     D:9: 1680 daAuts
     D:2: 1272 daAuts
  Lair:3: 1167 daAuts
  Lair:2: 1142 daAuts
Gauntlet: 1107 daAuts
  Lair:1: 1093 daAuts
